 Dungeon Crawl Stone Soup version 0.28-a0-1435-g82390b3a13 (webtiles) character file.

Game seed: 15641578265995326092

53 backslashecho the Chopper (level 3, 0/34 HPs)
             Began as a Minotaur Cinder Acolyte on Jan 9, 2022.
             Was a High Priest of Ignis.
             Killed by divine providence
             ... invoked by an orc priest
              (11 damage)
             ... on level 3 of the Dungeon.
             The game lasted 00:02:27 (2116 turns).

backslashecho the Chopper (Minotaur Cinder Acolyte) Turns: 2116, Time: 00:02:28

Health: 0/34       AC:  5    Str: 20    XL:     3   Next: 64%
Magic:  3/3        EV: 10    Int: 11    God:    Ignis [*****.]
Gold:   67         SH:  0    Dex:  5    Spells: 4/4 levels left

rFire   + . .      SeeInvis .   a - -1 hand axe (flame)
rCold   . . .      Faith    .   (no shield)
rNeg    . . .      Spirit   .   k - +0 ring mail
rPois   .          Reflect  .   (helmet restricted)
rElec   .          Harm     .   (no cloak)
rCorr   .          Rampage  .   (no gloves)
Will    .....                   (no boots)
Stlth   ..........              (no amulet)
HPRegen 0.11/turn               (no ring)
MPRegen 0.08/turn               (no ring)

@: no status effects
A: horns 2, retaliatory headbutt
a: Renounce Religion, Fiery Armour, Foxfire Swarm, Rising Flame


You were on level 3 of the Dungeon.
You worshipped Ignis.
Ignis was extremely pleased with you.
You visited 1 branch of the dungeon, and saw 3 of its levels.

You collected 67 gold pieces.

Inventory:

Hand Weapons
 a - a -1 hand axe of flaming (weapon)
Armour
 k - a +0 ring mail (worn)
Scrolls
 c - a scroll of teleportation {unknown}
 d - a scroll of amnesia {unknown}
 e - a scroll of vulnerability {unknown}
 f - a scroll of acquirement {unknown}
 i - a scroll of noise {unknown}
Potions
 g - a potion of invisibility {unknown}
 h - a potion of degeneration {unknown}
 j - a potion of heal wounds {unknown}


   Skills:
 + Level 4.3 Fighting
 * Level 5.1 Axes
 - Level 1.0 Spellcasting
 - Level 2.1 Fire Magic


You had 4 spell levels left.
You didn't know any spells.
Your spell library contained the following spells:

 Spells                   Type           Power      Damage    Failure   Level
 Scorch                   Fire           10%        2d6       34%         2


Dungeon Overview and Level Annotations

Branches:
Dungeon (3/15)

Altars:
Makhleb

Shops:
D:1 ?(:(


Innate Abilities, Weirdness & Mutations

You have a pair of horns on your head.
You reflexively headbutt those who attack you in melee.


Message History

Your headbutt misses the hobgoblin.
The hobgoblin is severely wounded.
The hobgoblin closely misses you.
You closely miss the hobgoblin.
The hobgoblin is severely wounded.
The hobgoblin barely misses you.
You closely miss the hobgoblin.
The hobgoblin is severely wounded.
The hobgoblin closely misses you.
You hit the hobgoblin. You burn the hobgoblin.
You kill the hobgoblin!
You hit the orc. You burn the orc.
An orc priest comes into view. It is wielding a +0 flail.
The orc hits you but does no damage.
Health restored: 34 You slash the orc!
You burn the orc.
You kill the orc!
You hit the orc. You burn the orc.
You kill the orc!
The orc priest mumbles some strange prayers to Beogh against you.
Beogh smites you!
Things that are here:
a +0 flail; an orc corpse You take 15 damage, and have 19/34 hp.
MASSIVE DAMAGE!!
You hit the orc priest but do no damage.
You headbutt the orc priest, but do no damage.
The orc priest barely misses you. You furiously retaliate!
You headbutt the orc priest, but do no damage.
You completely miss the orc priest. You headbutt the orc priest.
The orc priest is lightly wounded.
The orc priest hits you with a +0 flail!
You take 8 damage, and have 11/34 hp.
MASSIVE DAMAGE!!
You barely miss the orc priest.
The orc priest is lightly wounded.
The orc priest looks braver for a moment.
You barely miss the orc priest.
The orc priest is lightly wounded.
The orc priest calls down the wrath of Beogh upon you.
Beogh smites you!
You die...

#..........
#.##...... #.##.....
#.##..#.## #.# .....
#.# #.#.#
#######.###.#.#
.............@###...
#####.#.####.)o......
# #.# #†####...# #.#
#.. .. #######.# ####
.......<# #########


You could see an orc priest.

Vanquished Creatures
  An adder (D:2)
  2 dart slugs (D:2)
  2 orcs (D:3)
  2 ball pythons
  2 bats
  6 endoplasms
  3 goblins
  2 hobgoblins
  2 jackals (D:2)
  4 kobolds (D:1)
  2 quokkas (D:2)
  3 frilled lizards
  5 rats (D:2)
36 creatures vanquished.

Notes
Turn   | Place    | Note
-------+----------+-------------------------------------------
     0 | D:1      | backslashecho the Minotaur Cinder Acolyte began the quest
                  | for the Orb.
     0 | D:1      | Reached XP level 1. HP: 19/19 MP: 1/1
    15 | D:1      | Noticed a shining eye
    17 | D:1      | Found a faded altar of an unknown god.
    18 | D:1      | Noticed a floating eye
    18 | D:1      | Noticed a floating eye
    18 | D:1      | Noticed a shining eye
   190 | D:1      | Found Zonwe's Magic Scroll Shop.
   221 | D:1      | Reached skill level 4 in Axes
   419 | D:1      | Found Direguxt's Antique Weapon Boutique.
   548 | D:1      | Reached XP level 2. HP: 25/27 MP: 2/2
   586 | D:1      | Found Xierig's Antique Weapon Boutique.
   595 | D:1      | Found Hulyex's Book Shop.
  1417 | D:2      | Reached XP level 3. HP: 22/33 MP: 3/3
  1577 | D:2      | Found a burning altar of Makhleb.
  1819 | D:2      | Reached skill level 5 in Axes
  2116 | D:3      | Killed from afar by an orc priest

Illustrated notes

Levels and vault maps discovered:
D:1:      dpeg_arrival_arbitrary_c, layout_basic, serial_shops, shop_statue,
          nicolae_shop_behind_doors, nicolae_shop_stone, nicolae_square_shop,
          hellmonk_ecumenical_altar_watching_god
D:2:      layout_basic, basic_altar
D:3:      kennysheep_goblin_castle, layout_loops_ring, minmay_misc_feat_alley,
          solitary_fountain, grunt_decor_fettered, minmay_liquid_box

Skill      XL: |  1  2  3 |
---------------+----------+-----
Axes           | 4 5 |  5.1
Fighting       | 4 |  4.3
Spellcasting   | |  1.0
Fire Magic     | |  2.1

Action                   || total
-------------------------++-------
Melee: Hand axe          ||    80
       Headbutt          ||    13
       Punch             ||     1
Armor: Robe              ||     8
       Ring mail         ||     2
Dodge: Dodged            ||    45

Table legend: (Time is in decaauts)
 A = Elapsed time spent in this place.
 B = Non-inter-level travel time spent in this place.
 C = Inter-level travel time spent in this place.
 D = Time resting spent in this place.
 E = Time spent auto-exploring this place.
 F = Levels seen in this place.
 G = Mean time per level.
                   A        B        C        D        E       F      G
               +--------+--------+--------+--------+--------+-----+--------+
         Total |   2124 |   1979 |    145 |    234 |   1463 |   3 |  708.0 |
       Dungeon |   2124 |   1979 |    145 |    234 |   1463 |   3 |  708.0 |
               +--------+--------+--------+--------+--------+-----+--------+

Top non-repeatable levels by time:
     D:1: 1086 daAuts
     D:2: 1010 daAuts
     D:3: 27 daAuts
